 Dungeon Crawl Stone Soup version 0.31.0 (webtiles) character file.

Game seed: 17876434100772299039

3042 shadowrider38 the Cleaver (level 9, -6/81 HPs)
             Began as a Minotaur Fighter on Jan 19, 2024.
             Mangled by a dire elephant zombie (21 damage)
             ... on level 1 of the Abyss.
             The game lasted 00:06:21 (6476 turns).

shadowrider38 the Cleaver (Minotaur Fighter)        Turns: 6476, Time: 00:06:22

Health: -6/81      AC: 19    Str: 24      XL:     9   Next: 56%
Magic:  8/8        EV:  6    Int: 11      God:
Gold:   263        SH:  9    Dex:  9 (11) Spells: 8/8 levels left

rFire   . . .        a - +0 war axe
rCold   . . .        y - +0 kite shield
rNeg    . . .        o - +0 plate armour
rPois   .            c - +2 hat
rElec   .            (no cloak)
rCorr   .            h - +2 pair of gloves
SInv    .            (no boots)
Will    +....        (no amulet) Stlth
                     n - +6 ring of intelligence
HPRegen 0.33/turn    (no ring)
MPRegen 0.11/turn

%: no passive effects
@: enlightened, flying
A: horns 2, retaliatory headbutt
a: no special abilities


You were on level 1 of the Abyss.
You visited 2 branches of the dungeon, and saw 9 of its levels.
You visited the Abyss 1 time.
You also visited: Sewer.

You collected 263 gold pieces.

Inventory:

Hand Weapons
 a - a +0 war axe (weapon)
Missiles
 t - 2 boomerangs (quivered)
 F - a curare-tipped dart
 Z - 2 throwing nets
Armour
 c - a +2 hat (worn)
 h - a +2 pair of gloves (worn)
 o - a +0 plate armour (worn)
 y - a +0 kite shield (worn)
 A - the +0 leather armour "Louhudum" {Int-5 Dex+2 Stlth+}
   (You found it on level 6 of the Dungeon)

   Int-5:     It affects your intelligence (-5).
   Dex+2:     It affects your dexterity (+2).
   Stlth+:    It makes you more stealthy.
Jewellery
 n - a +6 ring of intelligence (left hand)
 C - a ring of fire
Wands
 E - a wand of charming (12)
Scrolls
 f - 3 scrolls of revelation
 g - a scroll of immolation
 j - 2 scrolls of vulnerability
 p - a scroll of poison {unknown}
 q - 4 scrolls of enchant armour
 s - a scroll of noise
 v - a scroll of enchant weapon {unknown}
 w - a scroll of summoning {unknown}
 B - a scroll of blinking
Potions
 d - 2 potions of might
 e - 5 potions of mutation {unknown}
 i - a potion of resistance
 k - a potion of ambrosia
 m - a potion of berserk rage
 r - a potion of magic {unknown}
 u - 2 potions of heal wounds {unknown}
 x - a potion of degeneration {unknown}
 z - a potion of lignification
 Q - 3 potions of curing


   Skills:
 + Level 8.0 Fighting
 * Level 10.4 Axes
 + Level 8.1 Armour
 + Level 8.0 Shields


You had 8 spell levels left.
You didn't know any spells.
Your spell library contained the following spells:

 Spells                   Type           Power      Damage    Failure   Level
 Apportation              Tloc           0%         N/A       100%        1
 Jinxbite                 Hex            0%         N/A       100%        2
 Ozocubu's Armour         Ice            0%         N/A       100%        3
 Stone Arrow              Conj/Erth      0%         3d7       100%        3
 Animate Armour           Summ/Erth      0%         N/A       100%        4
 Alistair's Intoxication  Alch           0%         N/A       100%        5
 Metabolic Englaciation   Hex/Ice        0%         N/A       100%        5
 Sculpt Simulacrum        Ice/Alch       0%         N/A       100%        6
 Lehudib's Crystal Spear  Conj/Erth      0%         10d2      100%        8


Dungeon Overview and Level Annotations

Branches:
Dungeon (7/15) Zot: 26919  Temple (1/1) D:6 Zot: 5992   Sewer (visited)

Altars:
Ashenzari
Cheibriados
Dithmenos
Fedhas
Hepliaklqana
Kikubaaqudgha
Makhleb
Nemelex Xobeh
Qazlal
Ru
Trog
Uskayaw
Vehumet
Wu Jian
Xom
Zin
The Shining One

Portals:
Abyss: D:6

Annotations:
D:4 exclusion: downstairs
D:6 2 transporters, laqueoix's ghost, novice OnGl
D:8 Psyche


Innate Abilities, Weirdness & Mutations

You have a pair of horns on your head.
You reflexively headbutt those who attack you in melee.


Message History

The dire elephant zombie trunk-slaps you but does no damage.
You are too injured to fight recklessly!
You are too injured to fight recklessly!
You hit the dire elephant zombie but do no damage.
The dire elephant zombie is heavily damaged.
You slash the quasit!
You kill the quasit!
The dire elephant zombie tramples you!
You hold your ground!
The dire elephant zombie trunk-slaps you.
You hit the dire elephant zombie. You headbutt the dire elephant zombie.
The dire elephant zombie is heavily damaged.
The dire elephant zombie tramples you!
You hold your ground!
The dire elephant zombie trunk-slaps you.
* * * LOW HITPOINT WARNING * * *
You are too injured to fight recklessly!
You hit the dire elephant zombie but do no damage.
The dire elephant zombie is heavily damaged.
The dire elephant zombie tramples you!!
* * * LOW HITPOINT WARNING * * *
You hold your ground!
The dire elephant zombie trunk-slaps you but does no damage.
You are too injured to fight recklessly!
Unknown command.
Unknown command.
You are too injured to fight recklessly!
You are too injured to fight recklessly!
You are too injured to fight recklessly!
You hit the dire elephant zombie but do no damage.
You headbutt the dire elephant zombie.
The dire elephant zombie is heavily damaged.
The dire elephant zombie tramples you but does no damage.
The dire elephant zombie completely misses you.
Unknown command.
You slash the dire elephant zombie!
The dire elephant zombie is severely damaged.
You hit the dire elephant zombie.
You headbutt the dire elephant zombie, but do no damage.
The dire elephant zombie is severely damaged.
You block the dire elephant zombie's attack.
The dire elephant zombie trunk-slaps you but does no damage.
Unknown command.
Okay, then.
It was a potion of curing.
You feel better.
Q - 3 potions of curing The dire elephant zombie tramples you but does no damage.
You block the dire elephant zombie's attack.
Unknown command.
You feel very buoyant.
You fly up into the air.
The dire elephant zombie tramples you!!
You die...

#..##.. .
#.. .#. .# #
.. .#..##.#
.# .......#
# #.#..# ..
# ##...# #.#
.
.##...#.#.#
# ..
#@Z....#
#....##..###
#..####
.##.# ## #
.# # # . .#
##. . . . .#
. # .


You could see a dire elephant zombie.

Vanquished Creatures
  3 yaks (D:5)
  Grum (D:8)
  A chaos spawn (Abyss:1)
  A water moccasin (D:6)
  A black bear (D:6)
  An ogre (D:5)
  4 wolves (D:8)
  A centaur (D:4)
  4 kobold brigands
  2 phantoms (D:5)
  2 bullfrogs
  A gnoll sergeant (D:5)
  A scorpion (D:5)
  2 bombardier beetles
  A jelly (D:6)
  A quasit (Abyss:1)
  4 orc priests
  A gnoll bouda (D:5)
  2 hounds
  4 iguanas
  2 sleepcaps
  Natasha (twice) (D:3)
  6 orc wizards
  8 gnolls (D:5)
  9 adders
  2 river rats (Sewer)
  2 ufetubi (D:6)
  9 ribbon worms
  A dart slug (D:1)
  16 orcs
  11 ball pythons
  9 endoplasms
  7 giant cockroaches
  10 goblins
  10 hobgoblins
  9 jackals
  9 quokkas
  7 bats
  2 frilled lizards
  22 kobolds
  10 rats
201 creatures vanquished.

Vanquished Creatures (others)
  3 kobolds (D:8)
3 creatures vanquished.

Grand Total: 204 creatures vanquished

Notes
Turn   | Place    | Note
-------+----------+-------------------------------------------
     0 | D:1      | shadowrider38 the Minotaur Fighter began the quest for the
                  | Orb.
     0 | D:1      | Reached XP level 1. HP: 19/19 MP: 0/0
   112 | D:1      | Reached XP level 2. HP: 27/27 MP: 1/1
   188 | D:1      | Reached skill level 3 in Axes
   403 | D:1      | Reached XP level 3. HP: 33/33 MP: 2/2
   817 | D:2      | Found a faded altar of an unknown god.
  1234 | D:2      | Reached XP level 4. HP: 40/40 MP: 3/3
  1378 | D:3      | Noticed Natasha
  1380 | D:3      | Killed Natasha
  1381 | D:3      | Reached skill level 4 in Axes
  1454 | D:3      | Reached XP level 5. HP: 47/47 MP: 4/4
  1611 | D:3      | Noticed Natasha
  1617 | D:3      | Killed Natasha
  1929 | D:4      | Found a glowing drain.
  1956 | Sewer    | Entered a sewer
  2008 | Sewer    | Reached skill level 5 in Axes
  2224 | Sewer    | Reached XP level 6. HP: 38/56 MP: 5/5
  2881 | D:4      | Found a sacrificial altar of Ru.
  2958 | D:4      | Reached skill level 6 in Axes
  2966 | D:4      | Reached XP level 7. HP: 50/61 MP: 6/6
  3483 | D:5      | Entered Level 5 of the Dungeon
  3710 | D:5      | Noticed a yak
  3710 | D:5      | Noticed a yak
  3711 | D:5      | Noticed a yak
  3711 | D:5      | Noticed a yak
  3902 | D:5      | Killed a yak
  3903 | D:5      | Reached skill level 7 in Axes
  3905 | D:5      | Killed a yak
  3906 | D:5      | Reached XP level 8. HP: 70/70 MP: 7/7
  4076 | D:5      | Reached skill level 8 in Axes
  4336 | D:5      | aesen: cast 1st place
  4619 | D:5      | Found an ancient bone altar of Kikubaaqudgha.
  4699 | D:5      | Reached skill level 9 in Axes
  4943 | D:6      | Reached XP level 9. HP: 79/79 MP: 8/8
  5507 | D:6      | Found a staircase to the Ecumenical Temple.
  5520 | Temple   | Entered the Ecumenical Temple
  5591 | D:6      | Found a hide-covered altar of Uskayaw.
  5592 | D:6      | aesen: dont forget oka is bad now
  5816 | D:6      | Identified the +0 leather armour "Louhudum" {Int-5 Dex+2
                  | Stlth+}
  5837 | D:6      | Found a transporter.
  5843 | D:6      | Found a transporter.
  6020 | D:6      | Found a one-way gate to the infinite horrors of the Abyss.
  6023 | D:6      | Noticed laqueoix's ghost (novice OnGl)
  6267 | D:7      | You fall into a shaft and drop 1 floor!
  6267 | D:8      | Found a stormy altar of Qazlal.
  6281 | D:8      | Noticed Grum
  6288 | D:8      | Noticed Psyche
  6298 | D:8      | Killed Grum
  6299 | D:8      | Reached skill level 10 in Axes
  6343 | Abyss:1  | Cast into level 1 of the Abyss (Psyche)
  6344 | Abyss:1  | aesen: gg
  6344 | Abyss:1  | shadowrider38: niece
  6416 | Abyss:1  | aesen: niece?
  6438 | Abyss:1  | Found a corrupted altar of Lugonu.
  6471 | Abyss:1  | HP: 3/81 [dire elephant zombie (19)]
  6472 | Abyss:1  | shadowrider38: nice
  6476 | Abyss:1  | Mangled by a dire elephant zombie

Illustrated notes

Levels and vault maps discovered:
D:1:      psy_arrival_whirlpool, layout_rooms, dk_noncrumbling_4
D:2:      layout_loops_cross, hellmonk_ecumenical_altar_lost_god,
          dreamdust_princess_corridor, minmay_misc_feat_plants,
          serial_bayou_pond_c, solitary_fountain
D:3:      layout_basic, uniq_natasha
D:4:      layout_loops_corners, mainiacjoe_overflow_24_doors,
          portal_sewer_entry_f, minmay_crossroads
D:5:      layout_basic, overflow_temple_1_default
D:6:      layout_basic, kennysheep_mini_moat, temple_green,
          gammafunk_ghost_abyssal_escape
D:7:      minmay_the_grid_four_pointed_star
          [minmay_the_grid_triangle_9x9_fully_insulated_deathbox,
          minmay_the_grid_triangle_9x9_thin_v,
          minmay_the_grid_triangle_9x9_corrupted_corridor,
          minmay_the_grid_triangle_9x9_swiss_cheese,
          minmay_the_grid_prize_big_room], layout_basic, elyvilon_altar_4,
          uniq_maggie, uniq_prince_ribbit1
D:8:      layout_rooms, amcnicky_altar_gilded,
          nicolae_gozag_cash_rules_everything_around_me, uniq_psyche, uniq_grum,
          uniq_maurice
Temple:   cyrus_circular_temple
Abyss:1:  base: D:7, base:
D:7

Skill      XL: |  1  2  3  4  5  6  7  8  9 |
---------------+----------------------------+-----
Axes           | 3 4 5 6 7 9 10 | 10.4
Armour         | 4 5 6 7 8 |  8.1
Shields        | 4 5 6 7 8 |  8.0
Fighting       | 4 5 6 7 8 |  8.0

Action                     |  1- 3 |  4- 6 |  7- 9 || total
---------------------------+-------+-------+-------++-------
  Melee: War axe           |   104 |   159 |   290 ||   553
         Headbutt          |    10 |    25 |    49 ||    84
    Use: Scroll            |     8 |     1 |     4 ||    13
         Potion            |       |       |     4 ||     4
 Armour: Scale mail        |    74 |       |       ||    74
         Plate armour      |    21 |   141 |   300 ||   462
  Dodge: Dodged            |    50 |    35 |    75 ||   160
  Block: Buckler           |    30 |    31 |    13 ||    74
         Kite shield       |       |       |   150 ||   150
